 Dungeon Crawl Stone Soup version 0.31-a0-542-gdc2a67831c (webtiles) character file.

Game seed: 10819740282744320850

4 GordonOverkill the Sneak (level 1, -2/11 HPs)
             Began as a Vine Stalker Delver on Aug 14, 2023.
             Slain by a goblin
             ... wielding a +0 club
              (3 damage)
             ... on level 1 of the Dungeon.
             The game lasted 00:03:12 (384 turns).

GordonOverkill the Sneak (Vine Stalker Delver)       Turns: 384, Time: 00:03:12

Health: -2/11      AC:  3    Str: 14    XL:     1   Next: 60%
Magic:  0/2        EV: 11    Int: 10    God:
Gold:   12         SH:  0    Dex: 15    Spells: 0/0 levels left

rFire   . . .        a - +0 mace
rCold   . . .        (no shield)
rNeg    . . .        b - +0 leather armour
rPois   .            (no helmet)
rElec   .            (no cloak)
rCorr   .            (no gloves)
SInv    .            (no boots)
Will    .....        (no amulet)
Stlth   +++          (no ring)
HPRegen 0.21/turn    (no ring)
MPRegen 0.08/turn

%: guardian spirit
@: no status effects
A: fangs 2, magic shield, antimagic bite, no potion heal 2
a: no special abilities


You were on level 1 of the Dungeon.
You visited 1 branch of the dungeon, and saw 6 of its levels.

You collected 12 gold pieces.

Inventory:

Hand Weapons
 a - a +0 mace (weapon)
Armour
 b - a +0 leather armour (worn)
Wands
 g - a wand of digging (1)
Scrolls
 c - a scroll of fog


   Skills:
 + Level 2.7 Fighting
 - Level 1.7 Maces & Flails
 - Level 1.5 Dodging
 - Level 6.0 Stealth
 + Level 0.2 Spellcasting
 + Level 0.2 Conjurations
 + Level 0.3 Air Magic


You couldn't memorise any spells.
You didn't know any spells.
Your spell library contained the following spells:

 Spells                   Type           Power      Damage    Failure   Level
 Vhi's Electric Charge    Tloc/Air       0%         N/A       80%         3
 Arcjolt                  Conj/Air       0%         1d10      100%        5
 Plasma Beam              Fire/Air       0%         2x1d10    100%        6


Dungeon Overview and Level Annotations

Branches:
Dungeon (6/15)             Temple (0/1) D:4

Altars:
Uskayaw

Annotations:
D:2 Terence
D:4 Pikel
D:5 2 transporters, Dowan; Duvessa; Eustachio; Scrael's ghost, novice DsNe


Innate Abilities, Weirdness & Mutations

You have extremely sharp teeth.
When hurt, damage is shared between your health and your magic reserves.
Your bite disrupts and absorbs the magic of your enemies.
Potions cannot restore your health.


Message History

The goblin barely misses you. The goblin attacks as you move away!
The goblin hits you with a +0 club.
Found an inky potion.
The goblin hits you with a +0 club.
* * * LOW HITPOINT WARNING * * *
There is an escape hatch in the ceiling here.
The goblin hits you but does no damage. A mysterious force pulls you upwards.
The hatch slams shut behind you.
Found 6 gold pieces.
Found a stone staircase leading down.
A ball python comes into view.
The ball python hisses angrily.
You see here 6 gold pieces.
The goblin attacks as you move away! The goblin closely misses you.
You closely miss the goblin. The goblin completely misses you.
The goblin hits you but does no damage.
You hit the goblin.
The goblin is moderately wounded.
The goblin hits you but does no damage.
You closely miss the goblin.
The goblin is moderately wounded.
The goblin hits you with a +0 club.
* * * LOW HITPOINT WARNING * * *
You miss the goblin. Your bite misses the goblin.
The goblin is moderately wounded.
The goblin closely misses you. The goblin hits you with a +0 club.
* * * LOW HITPOINT WARNING * * *
You barely miss the goblin. Your bite misses the goblin.
The goblin is moderately wounded.
The goblin hits you with a +0 club.
* * * LOW HITPOINT WARNING * * *
Okay, then.
It was a potion of curing.
That felt strangely inert.
The goblin misses you. The goblin attacks as you move away!
The goblin hits you but does no damage.
A goblin comes into view. It is wielding a +0 dagger.
The goblin attacks as you move away! The goblin hits you with a +0 club.
* * * LOW HITPOINT WARNING * * *
The goblin shouts!
The goblin hits you but does no damage. The goblin attacks as you move away!
The goblin hits you with a +0 club.
You die...

..#.##. #...#..
#..... #...###
###...... #.....#
##..S.## #.@g...#
#.g###B# #.## #.#
#### #. #S##...
#. #B#..#
##.####r#.#
#.........#
##...###..##
##...#####$###...


You could see a giant cockroach, 2 goblins and a ball python.

Vanquished Creatures
  An orc (D:5)
  A hobgoblin (D:2)
  A bat (D:2)
3 creatures vanquished.

Notes
Turn   | Place    | Note
-------+----------+-------------------------------------------
     0 | D:5      | GordonOverkill the Vine Stalker Delver began the quest for
                  | the Orb.
     0 | D:5      | Reached XP level 1. HP: 11/11 MP: 2/2
    36 | D:5      | Noticed a killer bee
    48 | D:5      | Noticed a killer bee
    49 | D:5      | Noticed a killer bee
    50 | D:5      | Noticed a killer bee
    52 | D:5      | Noticed Eustachio
    52 | D:5      | Noticed a killer bee
    56 | D:5      | Noticed a killer bee
    63 | D:5      | Noticed a scorpion
    70 | D:5      | Noticed Scrael's ghost (novice DsNe)
    98 | D:6      | Noticed a jelly
   132 | D:5      | Found a transporter.
   137 | D:5      | Found a transporter.
   160 | D:5      | Noticed an iguana
   165 | D:5      | Noticed a phantom
   171 | D:5      | Noticed a phantom
   181 | D:5      | Noticed Duvessa
   181 | D:5      | Noticed Dowan
   181 | D:5      | Identified the +5 whip of Eraunulo {speed, Fly rF+ Int+4}
   189 | D:5      | Noticed an ogre
   199 | D:4      | Noticed Pikel
   199 | D:4      | Noticed a lemure
   199 | D:4      | Noticed a lemure
   199 | D:4      | Noticed a lemure
   199 | D:4      | Noticed a lemure
   212 | D:4      | Found a staircase to the Ecumenical Temple.
   297 | D:2      | Found a hide-covered altar of Uskayaw.
   298 | D:2      | Noticed Terence
   351 | D:2      | Found a faded altar of an unknown god.
   384 | D:1      | Slain by a goblin

Illustrated notes

Levels and vault maps discovered:
D:1:      amcnicky_arrival_blooded_trapdoor, layout_rooms, serial_curves,
          eino_curves_04, eino_curves_02, serial_shops,
          nicolae_shop_window_shopping
D:2:      layout_rooms, basic_altar, hellmonk_ecumenical_altar_leap_of_faith,
          uniq_terence, uniq_sigmund
D:3:      layout_rooms, mainiacjoe_overflow_alcove_1, fedhas_ov_isle_minmay
D:4:      layout_loops_ring, nicolae_vehumet_altar_sigil, grunt_gozag_statues,
          minmay_temple_entry_wispy, ebering_ghost_rock_garden,
          nicolae_shop_i_like_big_books, lexackson_kobold_supper, uniq_pikel
D:5:      layout_basic, gammafunk_ghost_hive, chequers_serial_rivers_small_a,
          minmay_misc_feat_chi, uniq_eustachio, uniq_duvessa
D:6:      kennysheep_housing_project, layout_loops_ring, nicolae_benzene_ring

Action                     || total
---------------------------++-------
  Melee: Mace              ||    13
         Bite              ||     2
  Evoke: Wand              ||     2
    Use: Scroll            ||     2
         Potion            ||     2
 Armour: Leather armour    ||     8
  Dodge: Dodged            ||    17

Table legend: (Time is in decaauts)
 A = Elapsed time spent in this place.
 B = Non-inter-level travel time spent in this place.
 C = Inter-level travel time spent in this place.
 D = Time resting spent in this place.
 E = Time spent auto-exploring this place.
 F = Levels seen in this place.
 G = Mean time per level.
                   A        B        C        D        E       F      G
               +--------+--------+--------+--------+--------+-----+--------+
         Total |    373 |    373 |      0 |     15 |      0 |   6 |   62.2 |
       Dungeon |    373 |    373 |      0 |     15 |      0 |   6 |   62.2 |
               +--------+--------+--------+--------+--------+-----+--------+

Top non-repeatable levels by time:
     D:5: 152 daAuts
     D:2: 94 daAuts
     D:6: 38 daAuts
     D:3: 37 daAuts
     D:4: 27 daAuts
     D:1: 22 daAuts
